 Dungeon Crawl Stone Soup version 0.17-a0-1139-g49cbdf8 (webtiles) character file.

36 Jine the Skirmisher (level 3, -7/30 HPs)
             Began as a Demonspawn Abyssal Knight on May 26, 2015.
             Was a Believer of Lugonu.
             Mangled by Herrn's ghost (13 damage)
             ... on level 3 of the Dungeon.
             The game lasted 00:02:47 (2594 turns).

Jine the Skirmisher (Demonspawn Abyssal Knight)     Turns: 2594, Time: 00:02:47

Health: -7/30      AC:  3    Str: 13    XL:     3   Next: 19%
Magic:  4/4        EV: 11    Int: 13    God:    Lugonu [**....]
Gold:   105        SH:  0    Dex: 12    Spells: 0 memorised, 2 levels left

rFire  . . .     SeeInvis .     a - +1 falchion
rCold  . . .     Clarity  .     b - +0 leather armour
rNeg   . . .     SustAt   .     (no shield)
rPois  .         Gourm    .     (helmet restricted)
rElec  .         Spirit   .     (no cloak)
rCorr  .         Warding  .     (no gloves)
rMut   .         Stasis   .     (no boots)
MR     .....                    (no amulet)
Stlth  +.........               (no ring)
                                (no ring)

@: not resistant to hostile enchantments, very unstealthy
A: antennae 1
a: Depart the Abyss, Bend Space, Renounce Religion


You were on level 3 of the Dungeon.
You worshipped Lugonu.
Lugonu was pleased with you.
You were not hungry.

You visited 1 branch of the dungeon, and saw 3 of its levels.
You visited the Abyss 1 time.

You collected 105 gold pieces.

Inventory:

Hand weapons
 a - a +1 falchion (weapon)
Missiles
 h - a throwing net (quivered)
Armour
 b - a +0 leather armour (worn)
 e - a +2 helmet
Jewellery
 r - an uncursed ring of protection from magic {unknown}
Scrolls
 d - a scroll of remove curse {unknown}
 g - a scroll of recharging {unknown}
 l - 3 scrolls of magic mapping {unknown}
 m - 3 scrolls of teleportation {unknown}
 p - 2 scrolls of enchant weapon {unknown}
 q - a scroll of enchant armour {unknown}
Potions
 f - a potion of degeneration {unknown}
 i - a potion of mutation {unknown}
 k - a potion of invisibility {unknown}
 n - a potion of poison {unknown}
 o - a potion of flight {unknown}
Comestibles
 c - 3 bread rations
 j - 3 slices of pizza
 s - 2 meat rations


   Skills:
 * Level 3.7 Fighting
 * Level 2.0 Long Blades
 + Level 1.9 Armour
 + Level 1.6 Dodging
 + Level 0.2 Stealth
 + Level 2.4 Invocations


You had 2 spell levels left.
You didn't know any spells.

Dungeon Overview and Level Annotations

Branches:
Dungeon (3/15)

Altars:

Annotations:
D:3 Herrn's ghost, average OgGl


Innate Abilities, Weirdness & Mutations

You have a pair of small antennae on your head.


Message History

You see here a ball python corpse.
Herrn's ghost (average Ogre Gladiator) comes into view.
Herrn's ghost turns its malevolent gaze towards you.
Herrn's ghost is nearby!
Herrn's ghost hits you!
You hit Herrn's ghost but do no damage. Herrn's ghost barely misses you.
An ooze comes into view.
The ooze quivers.
You hit Herrn's ghost.
Herrn's ghost is lightly damaged.
Herrn's ghost hits you!
* * * LOW HITPOINT WARNING * * *
You barely miss Herrn's ghost.
Herrn's ghost is lightly damaged.
Herrn's ghost closely misses you.
Herrn's ghost hits you but does no damage.
You hit Herrn's ghost.
Herrn's ghost is lightly damaged.
Herrn's ghost hits you!
You die...

# ##. #..
#.# #J#
#W#####
###
#@#...###
##..##
#...P....
#....#
#.#...###
#....#
#.#####
#....#
#.#######
#....#
#.......#
#....#
###†)...#
##....#
#.....# #
......#
#.....#
.#


You could see Herrn's ghost and an ooze.

Vanquished Creatures
  A worm (D:2)
  A giant gecko (D:2)
  2 bats (D:1)
  A giant cockroach (D:2)
  6 hobgoblins
  5 jackals (D:1)
  7 kobolds
  A ball python (D:3)
  2 giant newts (D:1)
  5 rats (D:1)
31 creatures vanquished.

Notes
Turn   | Place    | Note
--------------------------------------------------------------
     0 | Abyss:1  | Jine the Demonspawn Abyssal Knight began the quest for the Orb.
     0 | Abyss:1  | Reached XP level 1. HP: 18/18 MP: 2/2
    14 | D:1      | Escaped the Abyss
   246 | D:1      | Gained mutation: You have a pair of small antennae on your head. [demonic ancestry]
   246 | D:1      | Reached XP level 2. HP: 14/24 MP: 3/3
   528 | D:1      | Reached skill level 1 in Dodging
   775 | D:1      | Acquired Lugonu's second power
  1998 | D:2      | Reached XP level 3. HP: 20/30 MP: 4/4
  2587 | D:3      | Noticed Herrn's ghost (average OgGl)
  2594 | D:3      | Mangled by Herrn's ghost

Vault maps used:
D:1:      minmay_arrival_jagged, nrook_mini_vaults, minivault_5
D:3:      elyvilon_altar_1

Action                   || total
-------------------------++-------
Melee: Falchion          ||   106
  Use: Potion            ||     1
 Stab: Sleeping          ||     1
  Eat: Meat ration       ||     1
